 Dungeon Crawl Stone Soup version 0.28.0-53-g5a82cb258f (webtiles) character file.

Game seed: 4542145562857007231

77 safid the Chopper (level 4, 0/40 HPs)
             Began as a Hill Orc Fighter on Aug 5, 2022.
             Slain by an adder (4 damage)
             ... on level 3 of the Dungeon.
             The game lasted 00:01:52 (1978 turns).

safid the Chopper (Hill Orc Fighter)                Turns: 1978, Time: 00:01:53

Health: 0/40       AC:  7    Str: 20    XL:     4   Next: 33%
Magic:  4/4        EV:  9    Int:  8    God:
Gold:   39         SH:  4    Dex: 10    Spells: 3/3 levels left

rFire   . . .      SeeInvis .   a - +0 war axe
rCold   . . .      Faith    .   c - +0 buckler
rNeg    . . .      Spirit   .   b - +0 scale mail
rPois   .          Reflect  .   (no helmet)
rElec   .          Harm     .   (no cloak)
rCorr   .          Rampage  .   (no gloves)
Will    .....                   (no boots)
Stlth   ..........              (no amulet)
HPRegen 0.13/turn               (no ring)
MPRegen 0.09/turn               (no ring)

@: no status effects
A: no striking features
a: no special abilities


You were on level 3 of the Dungeon.
You visited 1 branch of the dungeon, and saw 3 of its levels.

You collected 39 gold pieces.

Inventory:

Hand Weapons
 a - a +0 war axe (weapon)
Missiles
 i - 3 poisoned darts (quivered)
Armour
 b - a +0 scale mail (worn)
 c - a +0 buckler (worn)
Wands
 h - a wand of acid (4)
Scrolls
 f - 3 scrolls of fear {unknown}
 g - a scroll of silence {unknown}
 j - a scroll of vulnerability {unknown}
 k - a scroll of enchant armour {unknown}
Potions
 d - a potion of might
 e - a potion of haste {unknown}


   Skills:
 - Level 4.0 Fighting
 + Level 4.2 Axes
 - Level 4.0 Armour
 - Level 4.0 Shields


You had 3 spell levels left.
You didn't know any spells.
Your spell library contained the following spells:

 Spells                   Type           Power      Damage    Failure   Level
 Fulminant Prism          Conj/Hex       0%         3d6       100%        4
 Iskenderun's Mystic Bla  Conj/Tloc      0%         2d3       100%        4
 Lee's Rapid Deconstruct  Erth           0%         3d5*      100%        5


Dungeon Overview and Level Annotations

Branches:
Dungeon (3/15)

Altars:
Ru


Message History

The orc hits you with a +0 flail. The orc closely misses you.
You hear some strange, mumbled words.
You are confused.
The orc barely misses you.
You are too injured to fight recklessly!
Unknown command.
You are too injured to fight recklessly!
You hit the orc.
You kill the orc!
You closely miss something. You barely miss the orc.
The adder completely misses you. The orc barely misses you.
Something hits you but does no damage. The orc barely misses you.
Unknown command.
You bump into the rock wall.
The adder bites you. The orc hits you but does no damage.
The orc barely misses you. Something hits you. The orc barely misses you.
Unknown command.
You miss the orc.
The orc is heavily wounded.
You barely miss the adder. You miss something. The adder barely misses you.
The orc barely misses you. x2; Something hits you but does no damage.
The orc barely misses you. The adder bites you.
Unknown command.
You hit the orc but do no damage.
The orc is heavily wounded.
You miss something. You closely miss the adder.
The orc hits you but does no damage. The orc closely misses you.
The adder closely misses you. Something hits you.
The orc hits you from afar with a +0 trident.
* * * LOW HITPOINT WARNING * * *
The orc hits you from afar with a +0 trident.
* * * LOW HITPOINT WARNING * * *
The orc hits you with a +0 mace.
* * * LOW HITPOINT WARNING * * *
The adder bites you but does no damage. The orc hits you but does no damage.
Something hits you but does no damage.
Unknown command.
You feel less confused. The adder bites you.
You die...

########'####
#........#
#........#####
#).[.....'...#
#........###.#
#........# #.#
########## #.#
...#####.###
#....†.@..#
##########S#.#
......o.o..#.#
......).o......#
############.###
.# #


You could see an adder and an orc.

Vanquished Creatures
  2 adders (D:2)
  A gnoll (D:1)
  A worm (D:2)
  An orc (D:3)
  8 endoplasms
  3 giant cockroaches
  4 goblins
  3 hobgoblins
  2 kobolds (D:2)
  4 quokkas
  A ball python (D:1)
  6 bats
  3 frilled lizards (D:1)
  2 rats
41 creatures vanquished.

Notes
Turn   | Place    | Note
-------+----------+-------------------------------------------
     0 | D:1      | safid the Hill Orc Fighter began the quest for the Orb.
     0 | D:1      | Reached XP level 1. HP: 19/19 MP: 1/1
   207 | D:1      | Reached XP level 2. HP: 24/27 MP: 2/2
   535 | D:1      | Found a faded altar of an unknown god.
   693 | D:1      | Reached XP level 3. HP: 10/33 MP: 3/3
  1210 | D:2      | Found a sacrificial altar of Ru.
  1478 | D:2      | Reached XP level 4. HP: 40/40 MP: 4/4
  1944 | D:3      | Identified the +3 ring mail of Qautzont {Rampage rElec
                  | Str-4 Dex+4}
  1978 | D:3      | Slain by an adder

Illustrated notes

Levels and vault maps discovered:
D:1:      noname_arrival_rooms_in_the_neighbourhood, layout_basic,
          ebering_ecumenical_altar_box, chequers_serial_rivers_room_b
D:2:      layout_rooms, basic_altar, serial_rivers,
          chequers_serial_rivers_small_b, chequers_serial_rivers_micro_c,
          chequers_serial_rivers_small_b, chequers_serial_rivers_room_a
D:3:      layout_basic, minmay_ogre_servants

Skill      XL: |  1  2  3  4 |
---------------+-------------+-----
Axes           | 3 4 |  4.2
Fighting       | 4 |  4.0
Shields        | 4 |  4.0
Armour         | 4 |  4.0

Action                   |  1- 3 |  4- 6 || total
-------------------------+-------+-------++-------
Melee: War axe           |   104 |    25 ||   129
Armor: Scale mail        |    46 |    24 ||    70
Dodge: Dodged            |    54 |    29 ||    83
Block: Buckler           |    25 |     6 ||    31
